 Dungeon Crawl Stone Soup version 0.29.0-4-gdea44cf6ec (webtiles) character file.

Game seed: 12219173531786397603

1 osobenniy the Grave Robber (level 1, 0/13 HPs)
             Began as a Demonspawn Necromancer on Aug 28, 2022.
             Slain by a hobgoblin (3 damage)
             ... on level 1 of the Dungeon.
             The game lasted 00:00:47 (163 turns).

osobenniy the Grave Robber (Demonspawn Necromancer)  Turns: 163, Time: 00:00:47

Health: 0/13       AC:  2    Str:  8    XL:     1   Next: 16%
Magic:  0/3        EV: 12    Int: 16    God:
Gold:   4          SH:  0    Dex: 13    Spells: 3/4 levels left

rFire   . . .      SeeInvis .   (no weapon)
rCold   . . .      Faith    .   (no shield)
rNeg    . . .      Spirit   .   a - +0 robe
rPois   .          Reflect  .   (no helmet)
rElec   .          Harm     .   (no cloak)
rCorr   .          Rampage  .   (no gloves)
Will    .....                   (no boots)
Stlth   ++........              (no amulet)
HPRegen 0.04/turn               (no ring)
MPRegen 0.08/turn               (no ring)

@: no status effects
A: no striking features
a: no special abilities


You were on level 1 of the Dungeon.
You visited 1 branch of the dungeon, and saw 1 of its levels.

You collected 28 gold pieces.
You spent 24 gold pieces at shops.

Inventory:

Armour
 a - a +0 robe (worn)
Scrolls
 r - a scroll of identify
Potions
 b - a potion of magic
 c - a potion of heal wounds {unknown}


   Skills:
 - Level 1.7 Dodging
 - Level 1.7 Stealth
 + Level 2.1 Spellcasting
 - Level 4.3 Necromancy


You had 3 spell levels left.
You knew the following spells:

 Your Spells              Type           Power      Damage    Failure   Level
j - Necrotise             Necr           60%        1d7       3%          1

Your spell library contained the following spells:

 Spells                   Type           Power      Damage    Failure   Level
 Vampiric Draining        Necr           15%        2d7       11%         3
 Animate Dead             Necr           15%        N/A       34%         4
 Agony                    Necr           15%        N/A       67%         5


Dungeon Overview and Level Annotations

Branches:
Dungeon (1/15) Zot: 5836

Altars:

Shops:
D:1 *


Message History

The endoplasm writhes in agony.
You kill the endoplasm!
Magic restored.
Found 4 stones.
c - a yellow potion You now have 11 gold pieces.
You now have 22 gold pieces (gained 11).
Found Xaoqail's General Store.
You now have 28 gold pieces (gained 6).
There is an entrance to Xaoqail's General Store here.
r - a scroll of identify Thank you for shopping at Xaoqail's General Store!
You can access your shopping list by pressing '$'.
A hobgoblin comes into view.
The hobgoblin shouts!
The hobgoblin writhes in agony.
A ball python comes into view.
The hobgoblin barely resists.
The ball python hisses angrily.
The hobgoblin barely resists.
The hobgoblin attacks as you move away! The hobgoblin hits you.
The hobgoblin attacks as you move away!
The hobgoblin hits you but does no damage.
There is a fountain of clear blue water here.
The hobgoblin attacks as you move away! The hobgoblin hits you.
There is a fountain of clear blue water here.
The hobgoblin attacks as you move away! The hobgoblin barely misses you.
Casting: Necrotise (safe; 3% risk of failure)
Confirm with . or Enter, or press ? or * to list all spells.
Aiming: Necrotise (safe; 3% risk of failure)
Press: ? - help, Shift-Dir - straight line, f/p - hobgoblin
Aim: a hobgoblin (moderately wounded, chance to affect: 85%)
The hobgoblin writhes in agony.
The hobgoblin closely misses you. The hobgoblin attacks as you move away!
The hobgoblin barely misses you. The hobgoblin attacks as you move away!
The hobgoblin hits you. The hobgoblin attacks as you move away!
The hobgoblin hits you.
* * * LOW HITPOINT WARNING * * *
The hobgoblin attacks as you move away! The hobgoblin closely misses you.
The hobgoblin attacks as you move away! The hobgoblin hits you.
You die...

######### ###.......#
#......##.# #.#..#..#.#
#..#..#...# #...#.....#
#.#..#..#.####
#..#..#.#....#
#...#....@g#.#######
####.#..#..##..S......##
#.....#..#.#########⌠.⌠#
#.##...#...# #.∩.#
#.##.#..#..# #⌠.⌠#
#.##..#..#.# #...#
##.##...#...# ##.##
#.....#..#...... #.#
##.#.#...........#
#.#######


You could see a hobgoblin and a ball python.

Vanquished Creatures
  An endoplasm (D:1)
1 creature vanquished.

Notes
Turn   | Place    | Note
-------+----------+-------------------------------------------
     0 | D:1      | osobenniy the Demonspawn Necromancer began the quest for
                  | the Orb.
     0 | D:1      | Reached XP level 1. HP: 13/13 MP: 3/3
   123 | D:1      | Found Xaoqail's General Store.
   129 | D:1      | Bought a scroll of identify for 24 gold pieces
   163 | D:1      | Slain by a hobgoblin

Illustrated notes

Levels and vault maps discovered:
D:1:      dpeg_arrival_shrine, layout_loops_cross, serial_shops, shop_fountains,
          shop, nicolae_lakefront_shop, basic_ecumenical_altar,
          minmay_misc_feat_diagonals, hangedman_feature_mirror,
          hangedman_decor_peaks_small, minmay_misc_feat_chi

Action                   || total
-------------------------++-------
 Cast: Necrotise         ||     6
Armor: Robe              ||     1
Dodge: Dodged            ||     4
